[Event "Championnat de France Alpe d'Huez 2023 "]
[Site "ALPE D'HUEZ, France"]
[Date "2023.08.26"]
[Round "8.6"]
[White "ZIENKIEWICZ, Jan"]
[Black "PILLARD, Valentin"]
[Result "1-0"]
[ECO "B56"]
[WhiteElo "2177"]
[BlackElo "2140"]
[PlyCount "109"]
[EventDate "2023.08.??"]
[TimeControl "1/40+30:0"]

1. e4 {13} c5 {30} 2. Nf3 {15} d6 {15} 3. d4 {14} cxd4 {9} 4. Nxd4 {5} Nf6 {6}
5. Nc3 {7} e5 {41} 6. Bb5+ {23} Nbd7 {52} 7. Nf5 {74} a6 {18} 8. Bxd7+ {856}
Qxd7 {20} 9. Bg5 {611} Nxe4 {49} 10. Nxg7+ {100} Bxg7 {8} 11. Nxe4 {6} O-O {20}
12. Nf6+ {1027} Bxf6 {78} 13. Bxf6 {1} Qf5 {60} 14. Qf3 {161} Qg6 {100} 15. O-O
{269} Bg4 {182} 16. Qg3 {21} Qxf6 {1565} 17. Qxg4+ {36} Kh8 {233} 18. Rad1 {0}
Rg8 {260} 19. Qe4 {105} Qg6 {37} 20. Qxg6 {341} Rxg6 {10} 21. Rd5 {483} Rc8 {67
} 22. c3 {127} Kg7 {384} 23. f4 {449} Re8 {666} 24. f5 {344} Rh6 {14} 25. Rfd1
{26} Rh5 {69} 26. f6+ {138} Kxf6 {47} 27. Rxd6+ {7} Re6 {309} 28. Rd7 {19} Rf5
{69} 29. Rxb7 {109} e4 {32} 30. Rf1 {71} Rxf1+ {228} 31. Kxf1 {1} h5 {242} 32.
a4 {64} Rd6 {757} 33. Ke2 {28} Ke6 {19} 34. a5 {121} f5 {447} 35. g3 {58} Kf6 {
313} 36. Rb6 {205} Ke5 {3} 37. Rxd6 {253} Kxd6 {1} 38. b4 {43} Kd5 {8} 39. Ke3
{11} Kc4 {14} 40. h3 {12} Kd5 {30} 41. Ke2 {87} Kc4 {429} 42. Kd2 {28} Kd5 {27}
43. Ke3 {4} Kc4 {10} 44. g4 {25} fxg4 {95} 45. hxg4 {9} hxg4 {47} 46. Kxe4 {9}
Kxc3 {5} 47. b5 {5} axb5 {7} 48. a6 {3} b4 {4} 49. a7 {3} b3 {7} 50. a8=Q {5}
b2 {8} 51. Qa2 {44} Kc2 {41} 52. Kf4 {8} Kc1 {16} 53. Qc4+ {4} Kd2 {8} 54. Qb3
{7} Kc1 {11} 55. Qc3+ {4} 1-0

[Event "Championnat de France Alpe d'Huez 2023 "]
[Site "ALPE D'HUEZ, France"]
[Date "2023.08.26"]
[Round "8.7"]
[White "MARTIN, Nils"]
[Black "BOSC, Seraphina"]
[Result "1-0"]
[ECO "C07"]
[WhiteElo "1986"]
[BlackElo "2174"]
[PlyCount "107"]
[EventDate "2023.08.??"]
[TimeControl "1/40+30:0"]

1. e4 {6} e6 {21} 2. d4 {12} d5 {5} 3. Nd2 {4} c5 {50} 4. exd5 {7} Qxd5 {4} 5.
dxc5 {6} Nf6 {85} 6. Ngf3 {53} Qxc5 {33} 7. Bd3 {27} Nbd7 {21} 8. O-O {39} Qc7
{21} 9. Nb3 {165} Bd6 {75} 10. a4 {185} O-O {221} 11. h3 {180} Ne5 {631} 12.
Nbd4 {744} a6 {224} 13. Nxe5 {199} Bxe5 {5} 14. Nf3 {22} Bd6 {54} 15. a5 {76}
Bd7 {53} 16. Qe2 {281} Rfe8 {613} 17. Ng5 {707} Bc6 {829} 18. Be3 {354} Qe7 {
994} 19. Bb6 {104} Rac8 {140} 20. Rfd1 {349} Bc7 {114} 21. Bxc7 {79} Qxc7 {8}
22. Qe3 {658} Rcd8 {215} 23. Ne4 {193} Nd5 {194} 24. Qg3 {249} Qxg3 {88} 25.
Nxg3 {48} Nb4 {47} 26. Ra3 {91} Bb5 {183} 27. f3 {628} f5 {285} 28. Kf2 {62}
Nxd3+ {208} 29. cxd3 {2} Rd4 {30} 30. Ne2 {36} Rb4 {21} 31. Rd2 {20} e5 {110}
32. g3 {147} Rd8 {166} 33. Ke3 {162} Kf7 {111} 34. Rc3 {167} Rd7 {184} 35. Rc5
{28} f4+ {146} 36. gxf4 {33} exf4+ {4} 37. Kf2 {10} Rxd3 {68} 38. Rxb5 {57}
Rxb5 {23} 39. Rxd3 {2} Rxb2 {11} 40. Rd7+ {70} Kf6 {52} 41. Ke1 {196} Rb5 {153}
42. Nxf4 {46} Rxa5 {10} 43. Rxb7 {27} Rf5 {37} 44. Rb6+ {117} Kf7 {4} 45. Nd3 {
11} a5 {130} 46. Kf2 {52} g5 {44} 47. Kg3 {80} Kg7 {91} 48. Kg4 {136} Rd5 {59}
49. Nf2 {35} h6 {101} 50. Ra6 {11} Rd4+ {58} 51. Ne4 {14} a4 {13} 52. Kh5 {73}
Rd3 {50} 53. Ra7+ {8} Kf8 {18} 54. Nf6 {18} 1-0

[Event "Championnat de France Alpe d'Huez 2023 "]
[Site "ALPE D'HUEZ, France"]
[Date "2023.08.26"]
[Round "8.8"]
[White "DUQUESNOY, Jean-Philippe"]
[Black "CASSAM-CHENAI, Antoine"]
[Result "0-1"]
[ECO "E06"]
[WhiteElo "2101"]
[BlackElo "2113"]
[PlyCount "56"]
[EventDate "2023.08.??"]
[TimeControl "1/40+30:0"]

1. d4 {82} d5 {11} 2. c4 {9} e6 {4} 3. Nf3 {10} Nf6 {4} 4. g3 {4} Be7 {4} 5.
Bg2 {4} O-O {6} 6. O-O {3} a5 {5} 7. Nc3 {308} c6 {6} 8. Nd2 {25} b5 {12} 9.
cxb5 {132} cxb5 {1} 10. Nxb5 {70} Qb6 {7} 11. a4 {25} Nc6 {8} 12. Nb1 {222} Na7
{14} 13. Nxa7 {371} Rxa7 {107} 14. Nc3 {19} Ba6 {59} 15. Rb1 {1412} Rc7 {283}
16. Nb5 {586} Bxb5 {439} 17. axb5 {148} Qxb5 {586} 18. Bg5 {371} Rfc8 {226} 19.
Bxf6 {26} Bxf6 {10} 20. e3 {399} Rc2 {1551} 21. b3 {243} g6 {14} 22. Re1 {154}
Qb4 {115} 23. Qd3 {839} R8c3 {157} 24. Qa6 {381} Rxb3 {122} 25. Ra1 {4} Rbb2 {
100} 26. Rf1 {72} Rxf2 {224} 27. Rxf2 {166} Rxf2 {7} 28. Qxa5 {149} Qb2 {12}
0-1